 Dungeon Crawl Stone Soup version 0.30-a0-561-g1b0378597e (webtiles) character file.

Game seed: 2622755759796332363

6401 M4edhros the Nimble (level 10, -2/76 (85) HPs)
             Began as an Octopode Chaos Knight on Dec 28, 2022.
             Was an Elder of Zin.
             Slain by a wight
             ... wielding a +0 long sword
              (12 damage)
             ... on level 9 of the Dungeon.
             The game lasted 00:16:05 (40585 turns).

M4edhros the Nimble (Octopode Chaos Knight)        Turns: 40585, Time: 00:16:06

HP:   -2/76 (85)    AC:  3    Str: 10    XL:     10   Next: 98%
MP:   26/26         EV: 17    Int: 21    God:    Zin [****..]
Gold: 549           SH:  0    Dex: 15    Spells: 2/9 levels left

rFire   + . .      SeeInvis +    i - +5 mace
rCold   + . .      Faith    .    (no shield)
rNeg    . . .      Spirit   .    (helmet restricted)
rPois   .          Reflect  .    A - amulet of magic regeneration
rElec   .          Harm     .    F - +6 ring of intelligence
rCorr   +          Rampage  .    B - ring of magical power
Will    .....      Clarity  +    q - ring of resist corrosion
Stlth   ++                       (no ring)
HPRegen 0.32/turn                (no ring)
MPRegen 0.60/turn                (no ring)
                                 (no ring)
                                 (no ring)

@: confused, lethally poisoned (-2 -> -11), ambrosia-drunk, on recite cooldown,
heavily drained
A: almost no armour, amphibious, 8 rings, camouflage 1, gelatinous body 1,
(nimble swimmer 1), tentacles, iridescent scales 1, see invisible, clarity, cold
resistance 1, fire resistance 1, high MP 1, sense surroundings 1, robust 2, weak
1
a: Renounce Religion, Recite, Vitalisation, Imprison, Donate Gold


You were on level 9 of the Dungeon.
You worshipped Zin.
Zin was greatly pleased with you.
You visited 2 branches of the dungeon, and saw 10 of its levels.

You collected 1049 gold pieces.
You spent 396 gold pieces at shops.
You donated 104 gold pieces to Zin.

Inventory:

Hand Weapons
 i - a +5 mace (weapon)
Missiles
 m - 20 poisoned darts
 o - 53 stones
Armour
 r - an orb of mayhem
Jewellery
 q - a ring of resist corrosion (on tentacle)
 A - an amulet of magic regeneration (around mantle)
 B - a ring of magical power (right tentacle)
 F - a +6 ring of intelligence (left tentacle)
Wands
 f - a wand of paralysis (2)
 v - a wand of flame (1)
 x - a wand of quicksilver (13)
 D - a wand of digging (6)
Scrolls
 c - a scroll of blinking {unknown}
 d - 7 scrolls of identify {unknown}
 e - 3 scrolls of magic mapping {unknown}
 h - 2 scrolls of enchant weapon {unknown}
 k - 2 scrolls of immolation
 n - 11 scrolls of teleportation {unknown}
 s - 3 scrolls of summoning {unknown}
 u - a scroll of acquirement {unknown}
 y - a scroll of amnesia {unknown}
 z - 3 scrolls of enchant armour {unknown}
 E - a scroll of brand weapon {unknown}
 G - a scroll of noise {unknown}
 H - a scroll of torment {unknown}
 I - a scroll of fear {unknown}
Potions
 a - 2 potions of magic {unknown}
 g - 5 potions of flight {unknown}
 j - 3 potions of degeneration
 l - 2 potions of mutation {unknown}
 p - a potion of ambrosia
 t - a potion of attraction {unknown}
 w - 2 potions of lignification {unknown}
 C - a potion of might
Miscellaneous
 b - a piece from Xom's chessboard (15/15) (quivered)


   Skills:
 - Level 7.1 Fighting
 + Level 5.9(7.7) Maces & Flails
 - Level 4.2(6.4) Polearms
 - Level 7.6(9.0) Staves
 + Level 8.4 Dodging
 + Level 1.1 Conjurations
 + Level 1.1 Air Magic
 + Level 1.3 Poison Magic
 * Level 7.4 Invocations


You had 2 spell levels left.
You knew the following spells:

 Your Spells              Type           Power      Damage    Failure   Level
a - Mephitic Cloud        Conj/Pois/Air  5%         N/A       32%         3
b - Leda's Liquefaction   Hex/Erth       0%         N/A       87%         4

Your spell library contained the following spells:

 Spells                   Type           Power      Damage    Failure   Level
 Magic Dart               Conj           16%        1d3       11%         1
 Static Discharge         Conj/Air       8%         2-3/arc   17%         2
 Apportation              Tloc           0%         N/A       19%         1
 Necrotise                Necr           0%         1d4       19%         1
 Summon Small Mammal      Summ           0%         N/A       19%         1
 Momentum Strike          Conj/Tloc      4%         3d8       22%         2
 Blink                    Tloc           0%         N/A       26%         2
 Call Imp                 Summ           0%         N/A       26%         2
 Vhi's Electric Charge    Tloc/Air       4%         N/A       41%         3
 Call Canine Familiar     Summ           0%         N/A       47%         3
 Lesser Beckoning         Tloc           0%         N/A       47%         3
 Portal Projectile        Hex/Tloc       0%         N/A       47%         3
 Summon Guardian Golem    Hex/Summ       0%         N/A       47%         3
 Arcjolt                  Conj/Air       2%         1d12      97%         5
 Lightning Bolt           Conj/Air       2%         1d13      97%         5


Dungeon Overview and Level Annotations

Branches:
Dungeon (9/15)             Temple (1/1) D:6 Zot: 968
   Lair: D:8-11         Orc: D:9-12

Altars:
Cheibriados
Dithmenos
Elyvilon
Fedhas
Gozag
Hepliaklqana
Kikubaaqudgha
Makhleb
Nemelex Xobeh
Okawaru
Qazlal
Ru
Sif Muna
Trog
Xom
Yredelemnul
Zin
The Shining One

Shops:
D:8 [   D:9 *

Annotations:
D:5 3 runed translucent doors, Opifex's ghost, novice DsFi
D:6 1 runed translucent door, bezhaha's ghost, amateur DjFE


Innate Abilities, Weirdness & Mutations

You cannot wear most types of armour.
You are amphibious.
You can wear up to eight rings at the same time.
Your skin changes colour to match your surroundings (Stealth+).
Your rubbery body absorbs attacks. (AC +1, EV +1)
((You are camouflaged when in or above water. (Stealth+)))
You have tentacles for arms and can constrict up to eight enemies at once.
You are partially covered in iridescent scales. (AC +2)
You have supernaturally acute eyesight. (SInv)
You possess an exceptional clarity of mind.
Your flesh is cold resistant. (rC+)
Your flesh is heat resistant. (rF+)
You have an increased reservoir of magic. (+10% MP)
You passively map a small area around you.
You are very robust. (+20% HP)
You are weak. (Str -2)


Message History

Okay, then.
That's the wrong kind of item! (Use * to select it.) Evoke which item? (* to show all) (? for menu, Esc to quit)
Okay, then.
Aiming: Paralyse
Press: ? - help, Shift-Dir - straight line, f - wight
Aim: a wight, wielding a +5 morningstar and wearing a +0 robe (chance to affect: 49%)
The wight resists with some effort.
You feel very sick.
The wight hits you from afar with a +3 spear of freezing!
You feel drained. The wight freezes you.
Okay, then.
Unknown command.
Okay, then.
Okay, then.
Activating: Recite (0% risk of failure)
Press: ? - help, Dir - look around, f - activate You clear your throat and prepare to recite. "Zin descended from on high in a silver chariot..."
The wight is limned with silver light.
You feel very sick.
You hear a shout! x2
The wight hits you from afar with a +3 spear of freezing!
* * * LOW HITPOINT WARNING * * *
You feel drained. The wight freezes you.
* * * LOW HITPOINT WARNING * * *
The wight closely misses you.
You hear a shout!
Okay, then.
Okay, then.
Okay, then.
It was a potion of ambrosia.
You are confused.
You feel invigorated.
Your recitation is interrupted.
* * * LOW HITPOINT WARNING * * *
You feel very sick.
A wight comes into view. It is wielding a +5 scimitar.
The wight hits you with a +0 long sword!
You die...

, # #..######...
.###z.##..#........
..#..##..#........ ,,
,.........#########
#...##...........
#........######## *
*#,,
#+##.....#.>......#
..$.#z#z.....+...####.#
* , .....hz@.....###.#
* ##..######.......# ,
, ,##..##..# * *,*
#..##..# * ,, #..##..#
, ,* *,#..##>.# *
#..##..# , * * #..##..#
,*, * * ........ ,


You could see a howler monkey and 4 wights.

Vanquished Creatures
  A two-headed ogre (D:9)
  A deep elf pyromancer (D:8)
  Joseph (D:7)
  A troll (shapeshifter) (D:3)
  Grinder (D:3)
  Sigmund (D:6)
  12 yaks (D:8)
  Menkaure (D:7)
  4 water moccasins
  An ice beast (D:6)
  3 sky beasts
  An ogre (D:6)
  A phantom (D:6)
  A centaur (D:7)
  3 bullfrogs
  6 scorpions
  3 wights
  3 killer bees (D:8)
  A howler monkey (D:8)
  A gnoll bouda (D:4)
  5 hounds
  2 jellies (D:7)
  Crazy Yiuf (D:2)
  Ijyb (D:5)
  2 iguanas
  6 orc wizards
  A hound zombie (D:4)
  A howler monkey zombie (D:4)
  3 gnolls (D:4)
  6 adders
  3 shadow imps
  2 white imps
  2 ufetubi
  2 worms (D:2)
  4 dart slugs
  14 orcs
  5 ball pythons
  A bat (D:3)
  4 endoplasms
  9 goblins
  12 hobgoblins
  15 jackals
  5 kobolds
  4 quokkas
  5 frilled lizards
  3 rats
  A spectral goblin (D:6)
166 creatures vanquished.

Vanquished Creatures (collateral kills)
  A sky beast (D:7)
1 creature vanquished.

Vanquished Creatures (others)
  10 plants (D:5)
10 creatures vanquished.

Grand Total: 177 creatures vanquished

Notes
Turn   | Place    | Note
-------+----------+-------------------------------------------
     0 | D:1      | M4edhros the Octopode Chaos Knight began the quest for the
                  | Orb.
     0 | D:1      | Reached XP level 1. HP: 16/16 MP: 1/1
   166 | D:1      | Reached XP level 2. HP: 21/21 MP: 2/2
   351 | D:1      | Reached XP level 3. HP: 22/26 MP: 3/3
   911 | D:2      | Found a runed translucent door.
   949 | D:3      | Reached skill level 3 in Dodging
   952 | D:3      | Reached XP level 4. HP: 31/31 MP: 4/4
   988 | D:2      | Noticed Crazy Yiuf
   993 | D:2      | XOM: butterfly on damage
  1001 | D:2      | Killed Crazy Yiuf
  1129 | D:2      | XOM: silly message
  1354 | D:1      | XOM: silly message
  1492 | D:1      | XOM: divination: detect creatures
  1636 | D:1      | XOM: silly message
  1784 | D:1      | XOM: silly message
  3074 | D:1      | XOM: draining
  3465 | D:1      | XOM: stat loss: -1 Int (13/14)
  3730 | D:1      | XOM: summons 3 hostile demons
  3792 | D:2      | XOM: summons 2 hostile shadow creatures
  3987 | D:1      | XOM is BORED!
  3987 | D:1      | XOM: summons 3 hostile demons
  3988 | D:1      | Noticed an ice devil
  4983 | D:1      | XOM: cloud trail
  5197 | D:1      | XOM: scenery: 2 doors close
  6309 | D:1      | XOM: silly message
  6311 | D:1      | XOM: silly message
  6595 | D:1      | XOM: divination: detect creatures
  7009 | D:1      | XOM is BORED!
  7009 | D:1      | XOM: silly message
  7689 | D:1      | XOM: cloud trail
  7951 | D:1      | XOM: cloud trail
  8319 | D:1      | XOM: scenery: 2 doors open
  8477 | D:1      | XOM: cloud trail
  8727 | D:1      | XOM is BORED!
  8727 | D:1      | XOM: noise
  8855 | D:1      | XOM: give mutations
  8855 | D:1      | Gained mutation: You are agile. (Dex +4, Str/Int -1) [Xom's
                  | grace]
  8855 | D:1      | Gained mutation: You are partially covered in iridescent
                  | scales. (AC +2) [Xom's grace]
  8855 | D:1      | Gained mutation: You are somewhat resistant to further
                  | mutation. [Xom's grace]
  8855 | D:1      | Gained mutation: Your mind is acute. (Int +4, Str/Dex -1)
                  | [Xom's grace]
  9156 | D:1      | XOM is BORED!
  9156 | D:1      | XOM: give mutations
  9156 | D:1      | Lost mutation: Your mind is acute. (Int +4, Str/Dex -1)
                  | [Xom's mischief]
  9156 | D:1      | Gained mutation: You are weak. (Str -2) [Xom's mischief]
  9853 | D:1      | XOM: stat loss: -1 Int (11/13)
 10120 | D:1      | XOM: stat loss: -1 Str (7/8)
 10146 | D:1      | XOM: stat loss: -1 Int (10/13)
 12673 | D:1      | XOM: scenery: 2 doors close
 12962 | D:1      | XOM: cloud trail
 13324 | D:1      | XOM is BORED!
 13324 | D:1      | XOM: give mutations
 13324 | D:1      | Gained mutation: Your body sometimes deteriorates upon
                  | taking damage. [Xom's mischief]
 13324 | D:1      | Lost mutation: You are agile. (Dex +4, Str/Int -1) [Xom's
                  | mischief]
 14731 | D:1      | XOM: cloud trail
 15438 | D:1      | XOM: god gift: scroll labelled BIOSUZ DUNIU {god gift}
 15476 | D:1      | XOM: cloud trail
 16176 | D:1      | XOM: cloud trail
 16658 | D:1      | XOM: summons 1 hostile demon
 16759 | D:1      | XOM is BORED!
 16759 | D:1      | XOM: summons 2 hostile demons
 16844 | D:1      | XOM: give mutations
 16844 | D:1      | Lost mutation: Your body sometimes deteriorates upon taking
                  | damage. [Xom's mischief]
 16844 | D:1      | Lost mutation: You are partially covered in iridescent
                  | scales. (AC +2) [Xom's mischief]
 17001 | D:1      | Glimpsed the power of Zot.
 17501 | D:1      | Glimpsed the power of Zot.
 17901 | D:1      | Glimpsed the power of Zot.
 18021 | D:3      | Noticed Grinder
 18029 | D:3      | Killed Grinder
 18030 | D:3      | Reached XP level 5. HP: 32/37 MP: 5/5
 18030 | D:3      | Reached XP level 6. HP: 37/43 MP: 6/6
 18093 | D:3      | an adder changed into a shapeshifter
 18093 | D:3      | Noticed a shapeshifter (shapeshifter)
 18093 | D:3      | XOM: polymorph adder -> shapeshifter
 18093 | D:3      | a shapeshifter changed into a troll
 18093 | D:3      | Noticed a troll (shapeshifter)
 18094 | D:3      | XOM: repel stairs
 18100 | D:3      | Killed a troll
 18101 | D:3      | Reached skill level 4 in Dodging
 18101 | D:3      | Reached XP level 7. HP: 43/49 MP: 7/7
 18712 | D:1      | XOM: cloud trail
 19185 | D:1      | XOM: god gift: 4 stones
 19593 | D:1      | XOM is BORED!
 19593 | D:1      | XOM: give mutations
 19593 | D:1      | Gained mutation: You are dopey. (Int -2) [Xom's mischief]
 19593 | D:1      | Gained mutation: You are frail. (-10% HP) [Xom's mischief]
 19593 | D:1      | Lost mutation: You are frail. (-10% HP) [Xom's mischief]
 19593 | D:1      | Gained mutation: Your body sometimes deteriorates upon
                  | taking damage. [Xom's mischief]
 19793 | D:1      | XOM: give mutations
 19793 | D:1      | Gained mutation: You have an increased reservoir of magic.
                  | (+10% MP) [Xom's grace]
 19793 | D:1      | Gained mutation: You have supernaturally acute eyesight.
                  | (SInv) [Xom's grace]
 19793 | D:1      | Gained mutation: Your flesh is cold resistant. (rC+) [Xom's
                  | grace]
 19805 | D:1      | XOM: scenery: create altars
 20318 | D:1      | XOM: give mutations
 20318 | D:1      | Gained mutation: You are robust. (+10% HP) [Xom's grace]
 20318 | D:1      | Gained mutation: You are somewhat resistant to both further
                  | mutation and mutation removal. [Xom's grace]
 20478 | D:1      | XOM: silly message
 20740 | D:1      | XOM: give mutations
 20740 | D:1      | Lost mutation: You are dopey. (Int -2) [Xom's grace]
 20740 | D:1      | Gained mutation: You have a pair of small antennae on your
                  | head. [Xom's grace]
 20740 | D:1      | Gained mutation: You possess an exceptional clarity of
                  | mind. [Xom's grace]
 20901 | D:1      | XOM: stat loss: -1 Dex (12/13)
 21141 | D:1      | XOM: god gift: 36 gold pieces
 21445 | D:1      | XOM: god gift: 482 gold pieces
 21605 | D:1      | XOM: noise
 22510 | D:1      | XOM is BORED!
 22510 | D:1      | XOM: summons 2 hostile shadow creatures
 22644 | D:1      | XOM: summons 4 hostile demons
 22651 | D:2      | XOM: god gift: scroll labelled BIOSUZ DUNIU {god gift}
 22687 | D:2      | XOM: give mutation
 22687 | D:2      | Gained mutation: Your flesh is heat resistant. (rF+) [Xom's
                  | grace]
 22755 | D:2      | XOM: scenery: create altars
 22861 | D:1      | XOM: 6-stop teleportation journey
 22995 | D:1      | Glimpsed the power of Zot.
 23301 | D:1      | XOM: scenery: create altars
 23493 | D:3      | Glimpsed the power of Zot.
 23615 | D:4      | XOM: cast spell 'Metabolic Englaciation'
 23616 | D:4      | XOM: enchant monster (good)
 23618 | D:4      | Found a shimmering blue altar of Sif Muna.
 23705 | D:5      | Entered Level 5 of the Dungeon
 23790 | D:4      | XOM: polymorph gnoll -> quokka
 24152 | D:1      | XOM: give mutations
 24152 | D:1      | Gained mutation: You are partially covered in iridescent
                  | scales. (AC +2) [Xom's grace]
 24152 | D:1      | Lost mutation: You are somewhat resistant to both further
                  | mutation and mutation removal. [Xom's grace]
 24152 | D:1      | Lost mutation: You are somewhat resistant to further
                  | mutation. [Xom's grace]
 24152 | D:1      | Gained mutation: You have hidden genetic potential. [Xom's
                  | grace]
 24703 | D:1      | XOM: torment (28/53 hp)
 25081 | D:1      | XOM: give mutations
 25081 | D:1      | Lost mutation: Your body sometimes deteriorates upon taking
                  | damage. [Xom's mischief]
 25081 | D:1      | Lost mutation: You have a pair of small antennae on your
                  | head. [Xom's mischief]
 26453 | D:1      | XOM: silly message
 26604 | D:1      | XOM: divination: magic mapping
 26856 | D:1      | XOM: divination: magic mapping
 27189 | D:1      | XOM: silly message
 27407 | D:1      | XOM: silly message
 27729 | D:1      | XOM: cloud trail
 28112 | D:1      | XOM is BORED!
 28532 | D:1      | XOM: silly message
 28989 | D:1      | Glimpsed the power of Zot.
 29061 | D:4      | Reached skill level 5 in Fighting
 29089 | D:5      | Reached skill level 5 in Staves
 29124 | D:5      | XOM: silly message
 29339 | D:4      | Reached XP level 8. HP: 42/60 MP: 8/8
 29447 | D:4      | Reached skill level 5 in Dodging
 29466 | D:4      | Found a basalt altar of Yredelemnul.
 29574 | D:5      | Noticed Ijyb
 29583 | D:5      | Killed Ijyb
 29902 | D:5      | XOM: smoke on damage
 29909 | D:5      | Gained mutation: You passively map a small area around you.
                  | [hidden potential]
 30059 | D:5      | Found a runed translucent gate.
 30059 | D:5      | Found a runed translucent gate.
 30061 | D:5      | Found a runed translucent gate.
 30095 | D:5      | Noticed Opifex's ghost (novice DsFi)
 30398 | D:6      | Found a stormy altar of Qazlal.
 30524 | D:6      | Found a runed translucent door.
 30525 | D:6      | Noticed bezhaha's ghost (amateur DjFE)
 30528 | D:6      | Noticed a troll
 30550 | D:6      | Found a staircase to the Ecumenical Temple.
 30569 | Temple   | Entered the Ecumenical Temple
 31111 | Temple   | XOM: scenery: summon butterflies
 32203 | Temple   | XOM: torment (32/62 hp)
 32745 | Temple   | XOM: noise
 33115 | Temple   | XOM: smoke on damage
 33115 | Temple   | XOM: torment (32/62 hp)
 34541 | Temple   | XOM is BORED!
 34999 | Temple   | XOM: summons 5 hostile demons
 35000 | Temple   | Noticed a ynoxinul
 35000 | Temple   | Noticed a smoke demon
 35716 | Temple   | Glimpsed the power of Zot.
 35883 | D:6      | XOM: draining
 36682 | D:6      | XOM: god gift: 5 stones
 36713 | D:7      | Noticed Joseph
 36717 | D:7      | Killed Joseph
 36718 | D:7      | Reached skill level 6 in Dodging
 36718 | D:7      | Reached XP level 9. HP: 64/69 MP: 9/9
 36722 | D:7      | Gained mutation: You are very robust. (+20% HP) [hidden
                  | potential]
 36722 | D:7      | Lost mutation: You have hidden genetic potential. [hidden
                  | potential expressed]
 36762 | Temple   | Fell from the grace of Xom
 36762 | Temple   | Became a worshipper of Zin the Law-Giver
 36762 | Temple   | Reached * piety under Zin
 36762 | Temple   | Reached ** piety under Zin
 36991 | D:6      | Noticed Sigmund
 36998 | D:6      | Killed Sigmund
 36999 | D:6      | Reached skill level 1 in Maces & Flails
 37000 | D:6      | Found a blossoming altar of Fedhas.
 37033 | D:6      | Found a shimmering altar of Xom.
 37082 | D:6      | XOM: noise
 37579 | D:6      | Found a hazy altar of Hepliaklqana.
 37706 | D:7      | Reached *** piety under Zin
 37751 | D:7      | Reached skill level 1 in Invocations
 37759 | D:7      | Noticed Menkaure
 37766 | D:7      | Killed Menkaure
 37767 | D:7      | Reached skill level 7 in Dodging
 38697 | D:7      | XOM: noise
 38950 | D:8      | Found Baplum's Armour Shoppe.
 38950 | D:8      | XOM: 1-stop teleportation journey
 38957 | D:8      | Reached XP level 10. HP: 74/85 MP: 14/14
 38958 | D:8      | Noticed a deep elf pyromancer
 38966 | D:8      | Killed a deep elf pyromancer
 38978 | D:8      | Reached skill level 5 in Invocations
 39000 | D:8      | Reached skill level 5 in Maces & Flails
 39157 | D:8      | XOM: noise
 39294 | D:8      | Reached skill level 8 in Dodging
 39346 | D:8      | XOM: noise
 39420 | D:8      | Found a bloodstained altar of Trog.
 39422 | D:8      | Found a sacrificial altar of Ru.
 39424 | D:8      | Found an iron altar of Okawaru.
 39548 | D:8      | XOM: noise
 39603 | D:8      | Reached **** piety under Zin
 39751 | D:8      | Found a white marble altar of Elyvilon.
 39982 | D:8      | XOM: silly message
 40034 | D:8      | XOM: silly message
 40206 | D:8      | Found a shadowy altar of Dithmenos.
 40230 | D:8      | XOM: silly message
 40291 | D:8      | Found a glowing golden altar of the Shining One.
 40362 | D:9      | Learned a level 3 spell: Mephitic Cloud
 40367 | D:9      | Learned a level 4 spell: Leda's Liquefaction
 40448 | D:9      | Noticed a two-headed ogre
 40480 | D:9      | Killed a two-headed ogre
 40481 | D:9      | Reached skill level 1 in Conjurations
 40481 | D:9      | Reached skill level 1 in Air Magic
 40481 | D:9      | Reached skill level 1 in Poison Magic
 40487 | D:9      | Found Hukhli Reumiy's Assorted Antiques.
 40492 | D:9      | Bought a twisted ruby ring for 155 gold pieces
 40492 | D:9      | Bought 2 fizzy orange potions for 55 gold pieces
 40492 | D:9      | Bought a potion of might for 124 gold pieces
 40492 | D:9      | Bought a scroll labelled CORACUNEUK for 31 gold pieces
 40492 | D:9      | Bought a scroll labelled WYKEOG XIEDY for 31 gold pieces
 40585 | D:9      | Slain by a wight

Illustrated notes

Levels and vault maps discovered:
D:1:      dpeg_arrival_orchard, layout_basic
D:2:      layout_rooms, minmay_misc_feat_more_columns, uniq_crazy_yiuf_cottage
D:3:      layout_loops_ring, uniq_natasha, uniq_grinder
D:4:      layout_rooms, mainiacjoe_overflow_concentric_impassable,
          lemuel_zombie_altar_yredelemnul
D:5:      layout_cave_pools, gammafunk_ghost_necromancy, serial_bayou_crossing,
          uniq_ijyb
D:6:      layout_basic, nicolae_hepliaklqana_monster_ancestors,
          mainiacjoe_overflow_chevrons, nicolae_qazlal_scattered_showers,
          minmay_temple_entry_glass, ebering_ghost_inner_flame,
          nrook_loot_triangle, hangedman_decor_push, chequers_garden,
          nrook_campfire, minmay_ruined_shrine, uniq_sigmund
D:7:      layout_layer_cave, enter_bailey_2, uniq_joseph, uniq_menkaure
D:8:      layout_loops_ring, nicolae_overflow_hidden_temple, old_standard_altar,
          nicolae_overflow_quartered_altars, nicolae_stop_n_shop_1
D:9:      layout_basic, mainiacjoe_overflow_catwalk, marbit_many_paths,
          serial_shops, shop, minmay_hollow_rounded_squares, uniq_psyche
Temple:   nicolae_temple_bog_church

Skill      XL: |  1  2  3  4  5  6  7  8  9 10 |
---------------+-------------------------------+-----
Polearms       | 4 |  4.2
Dodging        | 3 4 6 7 8 |  8.4
Fighting       | 4 5 6 7 |  7.1
Staves         | 2 4 5 7 |  7.6
Maces & Flails | 4 5 |  5.9
Invocations    | 3 7 |  7.4
Conjurations   | 1 |  1.1
Air Magic      | 1 |  1.1
Poison Magic   | 1 |  1.3

Action                   |  1- 3 |  4- 6 |  7- 9 | 10-12 || total
-------------------------+-------+-------+-------+-------++-------
Melee: Spear             |    90 |     8 |       |       ||    98
       Constrict         |    17 |    11 |    55 |     5 ||    88
       Tentacles         |    14 |    14 |    73 |    32 ||   133
       Punch             |     1 |       |     4 |     2 ||     7
       Quarterstaff      |       |    38 |   190 |       ||   228
       Flail             |       |       |    53 |       ||    53
       Mace              |       |       |    48 |   124 ||   172
       Unarmed           |       |       |    14 |       ||    14
Invok: Recite            |       |       |       |     2 ||     2
       Vitalisation      |       |       |       |     2 ||     2
Evoke: Wand              |       |     3 |     5 |     5 ||    13
       Piece from Xom's  |       |       |     1 |       ||     1
  Use: Potion            |     1 |       |     2 |    13 ||    16
 Stab: Sleeping          |     3 |     5 |     8 |     1 ||    17
       Paralysed         |       |    10 |     7 |     8 ||    25
       Distracted        |       |       |     1 |       ||     1
       Invisible         |       |       |       |    11 ||    11
Armor: Skin              |     3 |     3 |    41 |     5 ||    52
Dodge: Dodged            |    49 |    19 |   271 |    77 ||   416

Table legend: (Time is in decaauts)
 A = Elapsed time spent in this place.
 B = Non-inter-level travel time spent in this place.
 C = Inter-level travel time spent in this place.
 D = Time resting spent in this place.
 E = Time spent auto-exploring this place.
 F = Levels seen in this place.
 G = Mean time per level.
                   A        B        C        D        E       F      G
               +--------+--------+--------+--------+--------+-----+--------+
         Total |  40614 |  39855 |    759 |  33408 |   4962 |  10 | 4061.4 |
       Dungeon |  35582 |  34850 |    732 |  28540 |   4854 |   9 | 3953.6 |
        Temple |   5031 |   5004 |     27 |   4868 |    108 |   1 | 5031.0 |
               +--------+--------+--------+--------+--------+-----+--------+

Top non-repeatable levels by time:
     D:1: 27271 daAuts
  Temple: 5031 daAuts
     D:6: 2107 daAuts
     D:8: 1522 daAuts
     D:7: 1164 daAuts
     D:5: 1044 daAuts
     D:2: 991 daAuts
     D:4: 898 daAuts
     D:3: 325 daAuts
     D:9: 256 daAuts
